 Dungeon Crawl Stone Soup version 0.22-a0-283-g1871b15 (webtiles) character file.

34882 4thArraOfDagon the Carver (level 14, -3/101 HPs)
             Began as a Formicid Warper on Mar 19, 2018.
             Was the Champion of Fedhas.
             Slain by a small abomination (15 damage)
             ... on level 2 of the Abyss.
             The game lasted 00:58:18 (13116 turns).

4thArraOfDagon the Carver (Formicid Warper)        Turns: 13116, Time: 00:58:19

Health: -3/101     AC: 25    Str: 13      XL:     14   Next: 15%
Magic:  20/20      EV: 22    Int: 17      God:    Fedhas [******]
Gold:   512        SH: 10    Dex:  9 (11) Spells: 18/29 levels left

rFire    . . .     SeeInvis +   S - +1 long sword (elec)
rCold    . . .     Gourm    .   u - +0 shield
rNeg     + . .     Faith    .   (armour currently unavailable)
rPois    ∞         Spirit   .   (helmet unavailable)
rElec    +         Reflect  .   (no cloak)
rCorr    .         Harm     .   (gloves currently unavailable)
MR       +....                  (boots currently unavailable)
Stlth    ++........             O - amulet of the acrobat
HPRegen  0.26/turn              l - +4 ring of evasion
MPRegen  0.17/turn              E - ring of wizardry

@: agile, statue-form, very slow
A: permanent stasis, dig shafts and tunnels, four strong arms, antennae 3,
talons 1, [blurry vision 3], [clumsy 2], [deformed body], [deterioration 2],
[frail 3], [low mp 2], robust 1, [screaming 2], [weak 2], [MP-powered wands]
a: Dig, Shaft Self, End Transformation, Fungal Bloom, Evolution, Sunlight,
Growth, Reproduction, Rain, Renounce Religion


You were on level 2 of the Abyss.
You worshipped Fedhas.
Fedhas was exalted by your worship.
You were not hungry.
You were a stone statue.
You visited 4 branches of the dungeon, and saw 19 of its levels.
You visited the Abyss 1 time.

You collected 1272 gold pieces.
You spent 760 gold pieces at shops.

Inventory:

Hand Weapons
 a - a +0 falchion
 d - a +0 long sword
 t - the +3 long sword of Sharkskin {protect, +Inv}
   (You found it on level 15 of the Dungeon)

   It protects the one who uses it against injury (+AC on strike).
   It lets you turn invisible.
 B - a +0 blowgun
 G - a +1 falchion of draining
 S - a +1 long sword of electrocution (weapon)
Missiles
 e - 2 tomahawks of dispersal (quivered)
 y - 4 curare-tipped needles
Armour
 b - a +0 leather armour
 c - a +0 chain mail of poison resistance
 u - a +0 shield (worn)
 w - a +1 pair of gloves (melded)
 J - the +2 chain mail "Cibehe" {rN+ rCorr Int+4}
   (You found it on level 12 of the Dungeon)

   It affects your intelligence (+4).
   It protects you from negative energy.
   It protects you from acid and corrosion.
 R - a +1 troll leather armour (melded)
Magical Staves
 I - an uncursed staff of summoning {!a}
Jewellery
 l - a +4 ring of evasion (left hand)
 E - a ring of wizardry (right hand)
 M - an uncursed ring of magical power
 O - an amulet of the acrobat (around neck)
Wands
 i - a wand of random effects (33)
 m - a wand of clouds (5)
 C - a wand of enslavement (6)
 Q - a wand of paralysis (12)
Scrolls
 g - 6 scrolls of noise
 j - 6 scrolls of fog
 n - 4 scrolls of amnesia
 o - 2 scrolls of immolation {unknown}
 q - 3 scrolls of fear
 s - a scroll of magic mapping
 v - 9 scrolls of remove curse
 z - 2 scrolls of enchant weapon {unknown}
 D - a scroll of torment
 N - a scroll of brand weapon {unknown}
Potions
 h - a potion of mutation
 p - 2 potions of curing
 r - 2 potions of agility
 x - 5 potions of flight
 A - a potion of invisibility
 F - a potion of brilliance
 H - 2 potions of berserk rage
 L - 2 potions of might
 P - a potion of lignification
Miscellaneous
 K - a lightning rod (3/4)
Comestibles
 f - 22 rations


   Skills:
 + Level 5.6 Fighting
 * Level 12.6 Long Blades
 - Level 1.0 Throwing
 - Level 1.1 Armour
 + Level 3.5 Dodging
 - Level 9.0 Shields
 - Level 8.1 Spellcasting
   Level 2.6 Translocations
 - Level 10.1 Transmutations
 - Level 12.1 Earth Magic
 - Level 8.2 Invocations
 - Level 1.0 Evocations


You had 18 spell levels left.
You knew the following spells:

 Your Spells              Type           Power        Failure   Level  Hunger
a - Lee's Rapid Deconstr  Erth           #####.....   1%          5    #####..
b - Statue Form           Tmut/Erth      #####....    6%          6    ######.


Dungeon Overview and Level Annotations

Branches:
Dungeon (15/15)            Temple (1/1) D:4            Lair (0/6) D:9
    Orc (2/2) D:10            Elf (1/3) Orc:2
 Vaults: D:13-14     Depths: D:15

Altars:
Ashenzari
Elyvilon
Fedhas
Gozag
Makhleb
Nemelex Xobeh
Okawaru
Qazlal
Sif Muna
Yredelemnul
The Shining One
Beogh

Shops:
D:5 !   D:7 =   D:9 [   Orc:1 ([[[[   Orc:2 ?[!?

Annotations:
D:1 exclusion: door
D:4 4thArraOfDagon's ghost, weakling FoWr
D:7 Dowan; Duvessa; Menkaure
D:11 Nib's ghost, novice DsGl
D:14 Arum's ghost, journeyman MiGl


Innate Abilities, Weirdness & Mutations

You cannot be hasted, slowed, berserked, paralysed or teleported.
You can dig through walls and to a lower floor.
Your four strong arms can wield two-handed weapons with a shield.
You have a pair of large antennae on your head. (SInv)
You have sharp toenails.
You are robust. (+10% HP)
[Scrolls take you much longer to read.]
[You are very clumsy. (Dex -4)]
[Armour fits poorly on your strangely shaped body.]
[Your body often deteriorates upon taking damage.]
[You are extremely frail. (-30% HP)]
[Your magical capacity is very low. (-20% MP)]
[You sometimes yell uncontrollably at your foes.]
[You are very weak. (Str -4)]
[You expend magic power (3 MP) to strengthen your wands.]


Message History

You block the apocalypse crab's attack. The apocalypse crab claws you!
* * * LOW HITPOINT WARNING * * *
The apocalypse crab freezes you!
* * * LOW HITPOINT WARNING * * *
Unknown command.
The small abomination completely misses you.
The apocalypse crab completely misses you. x2
Unknown command.
Unknown command.
The small abomination completely misses you.
The small abomination closely misses you.
Unknown command.
You feel better. The small abomination hits you!
* * * LOW HITPOINT WARNING * * *
The small abomination closely misses you.
Unknown command.
You feel agile all of a sudden. The small abomination hits you!
You die...
Fedhas appreciates your contribution to the ecosystem.

##..# #.
##...# . .#
##§...#.#.##
. # ....#....
..# # .
.....$ #..#.
#..#
.#.#...###.##
........#xt#
#. .. .#
#8##...... .#
. ### .####.
. ... . ##.#
. .. ... # #
## . .# .
.##. # ## .
.# #.## .#..
# . .##


You could see an apocalypse crab and a small abomination.

Vanquished Creatures
  Snorg (D:11)
  2 two-headed ogres (D:10)
  5 centaur warriors
  A tengu warrior (D:12)
  An orc high priest (Orc:1)
  A deep elf knight (Elf:1)
  A wretched star (Abyss:2)
  A glowing orange brain (Abyss:2)
  3 unseen horrors
  A wizard (D:10)
  A deep elf archer (Elf:1)
  2 orc sorcerers
  2 orc knights (Orc:2)
  3 deep elf magi (Elf:1)
  A manticore (D:13)
  2 centaur zombies
  A kobold demonologist (D:12)
  4 trolls
  6 raiju (Abyss:2)
  A hippogriff (D:11)
  3 shadows
  2 vampires
  A ynoxinul (Abyss:2)
  11 yaks
  4 hogs
  2 hungry ghosts
  A vampire mosquito (D:12)
  A chaos spawn (Abyss:2)
  A large abomination (Abyss:2)
  3 wargs
  2 sky beasts
  A necrophage (D:11)
  3 ice beasts
  21 ogres
  31 orc warriors
  A phantom (D:8)
  21 centaurs
  4 big kobolds
  11 bullfrogs
  7 gnoll sergeants
  A small abomination (Abyss:2)
  5 scorpions
  A wyvern skeleton (D:9)
  5 killer bees (D:11)
  8 wights (D:13)
  2 howler monkeys (D:13)
  2 crimson imps (D:13)
  A bullfrog zombie (D:5)
  7 hounds
  3 centaur skeletons
  10 orc priests
  13 orc wizards
  An iron imp (Abyss:2)
  2 iguanas
  11 worker ants
  Ijyb (D:4)
  3 hound skeletons
  A worker ant zombie (D:8)
  7 gnolls
  A howler monkey skeleton (D:7)
  17 adders
  A shadow imp (D:5)
  2 ufetubi (Abyss:2)
  An ooze (D:4)
  An adder zombie (D:4)
  2 dart slugs (D:1)
  6 leopard geckos
  60 orcs
  A ball python (D:2)
  12 bats
  6 giant cockroaches
  7 hobgoblins
  6 jackals
  27 kobolds
  8 quokkas
  6 frilled lizards
  A giant cockroach zombie (D:6)
  14 goblins
  A jackal skeleton (D:2)
  14 rats
449 creatures vanquished.

Vanquished Creatures (collateral kills)
  A fire dragon (D:14)
  2 two-headed ogres
  An orc knight (Orc:1)
  A gargoyle (D:14)
  2 trolls
  A vampire (D:14)
  A hungry ghost (D:12)
  5 vampire mosquitoes
  A warg (Orc:1)
  2 orc warriors (Orc:1)
  A centaur skeleton (D:12)
18 creatures vanquished.

Vanquished Creatures (others)
  2 necrophages
  A plant (Orc:1)
  352 toadstools
355 creatures vanquished.

Grand Total: 822 creatures vanquished

Notes
Turn   | Place    | Note
-------+----------+-------------------------------------------
     0 | D:1      | 4thArraOfDagon the Formicid Warper began the quest for the Orb.
     0 | D:1      | Reached XP level 1. HP: 16/16 MP: 3/3
    24 | D:1      | Reached XP level 2. HP: 10/22 MP: 5/5
   140 | D:1      | Reached XP level 3. HP: 11/27 MP: 6/6
   452 | D:2      | Reached XP level 4. HP: 31/33 MP: 7/7
   940 | D:3      | Reached XP level 5. HP: 10/38 MP: 8/8
  1106 | D:4      | Found a staircase to the Ecumenical Temple.
  1121 | D:4      | Reached skill level 5 in Long Blades
  1130 | Temple   | Entered the Ecumenical Temple
  1135 | Temple   | Became a worshipper of Fedhas Madash
  1500 | D:2      | Reached XP level 6. HP: 33/44 MP: 9/9
  1511 | D:2      | Reached skill level 1 in Invocations
  2057 | D:1      | Reached * piety under Fedhas
  2559 | D:4      | Noticed 4thArraOfDagon's ghost (weakling FoWr)
  2568 | D:5      | Entered Level 5 of the Dungeon
  2568 | D:5      | Noticed Ijyb
  2612 | D:4      | Gained mutation: Your flesh is cold resistant. (rC+) [potion of mutation]
  2612 | D:4      | Lost mutation: Your flesh is cold resistant. (rC+) [potion of mutation]
  2612 | D:4      | Gained mutation: You are robust. (+10% HP) [potion of mutation]
  2612 | D:4      | Gained mutation: You have sharp toenails. [potion of mutation]
  2725 | D:4      | Reached skill level 1 in Shields
  2980 | D:4      | Killed Ijyb
  2980 | D:4      | Reached XP level 7. HP: 41/55 MP: 10/10
  3448 | D:7      | Reached XP level 8. HP: 31/61 MP: 11/11
  3856 | D:6      | Found a sparkling altar of Nemelex Xobeh.
  3923 | D:5      | Found Bioxkas's Distillery.
  3928 | D:5      | Bought a potion of lignification for 30 gold pieces
  3928 | D:5      | Bought a potion of heal wounds for 50 gold pieces
  3928 | D:5      | Bought a potion of heal wounds for 50 gold pieces
  3972 | D:5      | You fall through a shaft!
  4051 | D:7      | Noticed Dowan
  4076 | D:7      | Found Sippouc's Jewellery Boutique.
  4083 | D:7      | Noticed Duvessa
  4093 | D:7      | You fall through a shaft for 2 floors!
  4179 | D:7      | Noticed Menkaure
  4192 | D:8      | Reached skill level 1 in Evocations
  4748 | D:8      | Reached skill level 5 in Invocations
  4761 | D:8      | Reached XP level 9. HP: 55/67 MP: 12/12
  4787 | D:8      | Reached ** piety under Fedhas
  4937 | D:8      | You fall through a shaft for 2 floors!
  4937 | D:10     | Entered Level 10 of the Dungeon
  4986 | D:10     | Found Huel's Food Emporium.
  4999 | D:10     | Noticed a two-headed ogre
  5074 | D:9      | Reached skill level 5 in Shields
  5270 | D:9      | Found a glowing golden altar of the Shining One.
  5388 | D:10     | Noticed an orc sorcerer
  5439 | D:10     | Killed an orc sorcerer
  5489 | D:10     | Killed a two-headed ogre
  5489 | D:10     | Reached skill level 10 in Long Blades
  5489 | D:10     | Reached XP level 10. HP: 33/73 MP: 13/15
  5698 | D:10     | Found a burning altar of Makhleb.
  5861 | D:10     | Noticed an unseen horror
  5928 | D:10     | Killed an unseen horror
  5988 | D:10     | Noticed a wizard
  6010 | D:10     | Noticed a two-headed ogre
  6013 | D:10     | You fall through a shaft!
  6156 | D:11     | Reached *** piety under Fedhas
  6198 | D:11     | Learned a level 5 spell: Lee's Rapid Deconstruction
  6328 | D:12     | Reached skill level 1 in Earth Magic
  6355 | D:12     | Noticed a tengu warrior
  6357 | D:12     | Noticed a centaur warrior
  6359 | D:12     | Noticed a gargoyle
  6360 | D:12     | Noticed a five-headed hydra
  6691 | D:11     | Identified the +1 battleaxe of Compulsion {elec, rN+ Str-2 Dex+6} (You took it off a centaur on level 11 of the Dungeon)
  6815 | D:11     | Reached XP level 11. HP: 53/80 MP: 17/17
  7245 | D:11     | Noticed Nib's ghost (novice DsGl)
  7609 | D:12     | Reached skill level 5 in Earth Magic
  7750 | D:12     | Noticed a two-headed ogre
  7792 | D:12     | Killed a two-headed ogre
  7854 | D:12     | Got a heavily runed chain mail
  7861 | D:12     | You fall through a shaft!
  7916 | D:13     | Identified the +2 chain mail "Cibehe" {rN+ rCorr Int+4} (You found it on level 12 of the Dungeon)
  8026 | D:13     | Learned a level 6 spell: Statue Form
  8044 | D:13     | Noticed a manticore
  8120 | D:13     | Noticed a five-headed hydra
  8126 | D:13     | You fall through a shaft for 2 floors!
  8126 | D:15     | Entered Level 15 of the Dungeon
  8126 | D:15     | Noticed a cyclops
  8166 | D:14     | Reached skill level 1 in Transmutations
  8235 | D:15     | Noticed an unseen horror
  8256 | D:15     | Killed an unseen horror
  8260 | D:15     | Got a twisted long sword
  8265 | D:15     | Identified the cursed +3 long sword of Sharkskin {protect, +Inv} (You found it on level 15 of the Dungeon)
  8271 | D:15     | Noticed a tengu warrior
  8541 | D:14     | Found a stormy altar of Qazlal.
  8541 | D:14     | Noticed a centaur warrior
  8558 | D:14     | Killed a centaur warrior
  8605 | D:14     | Reached **** piety under Fedhas
  8632 | D:14     | Noticed a fire dragon
  8682 | D:14     | Killed a fire dragon
  8795 | D:14     | Reached XP level 12. HP: 58/91 MP: 19/19
  8983 | D:14     | Found an opulent altar of Gozag.
  9060 | D:14     | Noticed Arum's ghost (journeyman MiGl)
  9092 | D:14     | Found an iron altar of Okawaru.
  9111 | D:13     | Noticed a centaur warrior
  9129 | D:13     | Killed a centaur warrior
  9129 | D:13     | Reached skill level 5 in Spellcasting
  9129 | D:13     | Reached skill level 5 in Transmutations
  9378 | D:13     | Noticed an unseen horror
  9387 | D:13     | Killed an unseen horror
  9585 | D:12     | Killed a centaur warrior
  9633 | D:12     | Killed a tengu warrior
  9913 | D:11     | Noticed Snorg
  9924 | D:11     | Killed Snorg
 10164 | D:10     | Bought a ration for 70 gold pieces
 10164 | D:10     | Bought a ration for 70 gold pieces
 10164 | D:10     | Bought a ration for 70 gold pieces
 10164 | D:10     | Bought a ration for 70 gold pieces
 10164 | D:10     | Bought a ration for 70 gold pieces
 10164 | D:10     | Bought a ration for 70 gold pieces
 10164 | D:10     | Bought a ration for 70 gold pieces
 10164 | D:10     | Bought a ration for 70 gold pieces
 10164 | D:10     | Bought a ration for 70 gold pieces
 10213 | D:10     | Killed a two-headed ogre
 10213 | D:10     | Reached skill level 10 in Earth Magic
 10256 | D:10     | Reached XP level 13. HP: 90/96 MP: 22/22
 10345 | D:10     | Reached ***** piety under Fedhas
 10402 | D:10     | Found a staircase to the Orcish Mines.
 10434 | D:9      | Found Xohagud's Armour Shop.
 10457 | D:9      | Paralysed by fainting for 7 turns
 10723 | D:9      | Found a staircase to the Lair.
 10967 | Orc:1    | Entered Level 1 of the Orcish Mines
 10967 | Orc:1    | Found Fyjeus's Antique Armour Shop.
 11087 | Orc:1    | Found Toinic's Armour Shop.
 11332 | Orc:1    | Found Pev Kot's Antique Armour Emporium.
 11555 | Orc:1    | Found Jatyb's Antique Armour Boutique.
 11763 | Orc:1    | Found Rautwid's Antique Weapon Emporium.
 11970 | Orc:2    | Entered Level 2 of the Orcish Mines
 12123 | Orc:2    | Found a roughly hewn altar of Beogh.
 12257 | Orc:2    | Found a staircase to the Elven Halls.
 12302 | Orc:2    | Noticed a centaur warrior
 12303 | Orc:2    | Noticed a centaur warrior
 12317 | Orc:2    | Killed a centaur warrior
 12329 | Orc:2    | Killed a centaur warrior
 12329 | Orc:2    | Reached skill level 10 in Transmutations
 12507 | Orc:2    | Reached ****** piety under Fedhas
 12518 | Orc:2    | Found Igalat's Distillery.
 12518 | Orc:2    | Found Hocyub's Armour Shop.
 12520 | Orc:2    | Found Duda Hekk's Magic Scroll Boutique.
 12522 | Orc:2    | Found Heuzecea's Magic Scroll Emporium.
 12668 | Elf:1    | Entered Level 1 of the Elven Halls
 12808 | Elf:1    | Reached skill level 5 in Fighting
 12826 | Elf:1    | Reached XP level 14. HP: 107/107 MP: 19/26
 12850 | Elf:1    | Noticed a deep elf sorcerer
 12862 | Elf:1    | Cast into level 2 of the Abyss (a deep elf sorcerer)
 12864 | Abyss:2  | Found a corrupted altar of Lugonu.
 13116 | Abyss:2  | Slain by a small abomination

Vault maps used:
D:1:      lightli_arrival_farm
D:2:      kennysheep_the_goblin_king, minmay_tetromino_i2
D:3:      kennysheep_six_static_rooms, fedhas_altar_fruit_tree
D:4:      minmay_temple_entry_large_hall, first_ration
D:5:      serial_shops, kennysheep_little_box, uniq_crazy_yiuf_cottage,
          uniq_ijyb
D:6:      kennysheep_mini_moat, serial_bayou
D:7:      serial_shops, shop, kennysheep_cross_bottleneck, uniq_menkaure,
          uniq_prince_ribbit1, uniq_duvessa
D:8:      minivault_5
D:9:      nicolae_overflow_crystal_walls, lair_entry_dummy, serial_shops,
          shop_statue, grunt_ogre_cave, evilmike_butchery
D:10:     cheibrodos_wizards_tower, kennysheep_orc_monster_closet_entryway,
          basic_altar, serial_shops, nicolae_shop_window_shopping
D:11:     uniq_snorg
D:12:     onia_ninara_dug_in_and_dangerous
D:13:     david_vaults_5
D:14:     lemuel_upstairs_altar, basic_altar, nicolae_gozag_seed_capital
D:15:     grunt_enter_depths_snipers, st_stairs_12, uniq_kirke, uniq_sonja
Temple:   regret_index_temple_chain_breaker
Orc:1:    serial_shops, shop, shop, nicolae_shop_overgrown_old_shop,
          nicolae_shop_crystal, shop
Orc:2:    st_orc_rangers, basic_altar
Elf:1:    hangedman_elven_crosses_minicolossus
Abyss:2:  evilmike_abyss_exit_plants

Skill      XL: |  1  2  3  4  5  6  7  8  9 10 11 12 13 |
---------------+----------------------------------------+-----
Long Blades    | 3 4 5 6 7 8 10 11 12 | 12.6
Invocations    | 2 3 5 7 8 |  8.2
Shields        | 1 3 4 6 8 9 |  9.0
Evocations     | 1 |  1.0
Earth Magic    | 3 7 10 12 | 12.1
Spellcasting   | 3 4 6 8 |  8.1
Fighting       | 4 5 |  5.6
Transmutations | 4 7 10 | 10.1
Dodging        | 3 |  3.5
Throwing       | |  1.0
Armour         | |  1.1
Translocations | |  2.6

Action                   |  1- 3 |  4- 6 |  7- 9 | 10-12 | 13-15 || total
-------------------------+-------+-------+-------+-------+-------++-------
Melee: Falchion          |    94 |   433 |   465 |   447 |       ||  1439
       Kick              |       |    13 |    88 |   249 |   196 ||   546
       Long sword        |       |       |       |   506 |   772 ||  1278
Throw: Tomahawk          |       |       |     3 |       |       ||     3
 Cast: Statue Form       |       |       |       |       |    21 ||    21
Invok: Fungal Bloom      |       |     8 |    11 |    28 |    24 ||    71
       Evolution         |       |       |       |     2 |     1 ||     3
       Growth            |       |       |       |     2 |       ||     2
 Abil: Dig               |     3 |    15 |    14 |    38 |    14 ||    84
       Shaft Self        |       |       |     3 |     3 |       ||     6
       End Transformatio |       |       |       |       |    15 ||    15
Evoke: Wand              |       |     2 |     3 |    18 |     1 ||    24
       Lightning rod     |       |       |       |     4 |       ||     4
  Use: Potion            |     1 |     3 |     8 |     4 |     3 ||    19
       Scroll            |       |     3 |     3 |    13 |     3 ||    22
 Stab: Paralysed         |       |       |       |    11 |       ||    11
  Eat: Chunk             |       |     6 |    12 |    15 |    25 ||    58
       Ration            |       |     1 |       |     4 |     1 ||     6
Armor: Leather armour    |     4 |       |       |       |       ||     4
       Chain mail        |    47 |   302 |   178 |   235 |   144 ||   906
       Skin              |       |       |    31 |    32 |   121 ||   184
       Troll leather arm |       |       |       |       |     2 ||     2
Dodge: Dodged            |    38 |   169 |    84 |   266 |   336 ||   893
Block: Shield            |       |    40 |   162 |   403 |   396 ||  1001
       Rpst.: Falchion   |    13 |    52 |    32 |    22 |       ||   119
       Long sword        |       |       |       |    40 |    86 ||   126

Table legend:
 A = Spawn XP
 B = Non-spawn XP
 C = Spawn XP percentage of total XP
 D = Spawn monster count
 E = Non-spawn monster count
 F = Spawn count percentage of total count
 G = Total turns spent on level
                    A         B        C        D         E        F      G
               +---------+---------+-------+---------+---------+-------+---------
         Total |    3154 |   46678 |   6.3 |      11 |     456 |   2.4 | 13116
               +---------+---------+-------+---------+---------+-------+---------
           D:1 |       0 |      65 |   0.0 |       0 |      31 |   0.0 |   560
           D:2 |       0 |      70 |   0.0 |       0 |      30 |   0.0 |   773
           D:3 |       0 |     133 |   0.0 |       0 |      29 |   0.0 |   900
           D:4 |       0 |     255 |   0.0 |       0 |      13 |   0.0 |   720
           D:5 |       0 |     178 |   0.0 |       0 |       7 |   0.0 |   320
           D:6 |       0 |     492 |   0.0 |       0 |      13 |   0.0 |   501
           D:7 |       0 |     164 |   0.0 |       0 |      13 |   0.0 |   320
           D:8 |       0 |     583 |   0.0 |       0 |      17 |   0.0 |   799
           D:9 |       0 |    1717 |   0.0 |       0 |      23 |   0.0 |   666
          D:10 |       0 |    7044 |   0.0 |       0 |      46 |   0.0 |  1456
          D:11 |       0 |    5662 |   0.0 |       0 |      47 |   0.0 |  1219
          D:12 |       0 |    4702 |   0.0 |       0 |      24 |   0.0 |  1169
          D:13 |       0 |    4325 |   0.0 |       0 |      25 |   0.0 |   738
          D:14 |       0 |    3588 |   0.0 |       0 |      14 |   0.0 |   731
          D:15 |       0 |    1586 |   0.0 |       0 |       5 |   0.0 |   209
         Orc:1 |       0 |    5619 |   0.0 |       0 |      62 |   0.0 |   878
         Orc:2 |       0 |    6612 |   0.0 |       0 |      48 |   0.0 |   698
         Elf:1 |       0 |    3205 |   0.0 |       0 |       5 |   0.0 |   194
       Abyss:2 |    3154 |     678 |  82.3 |      11 |       4 |  73.3 |   254
               +---------+---------+-------+---------+---------+-------+---------
